 Dungeon Crawl Stone Soup version 0.28-a0-1130-gc51a68064b (webtiles) character file.

Game seed: 11734060053950803863

5076 septik the Severer (level 10, -6/115 HPs)
             Began as a Minotaur Berserker on Dec 12, 2021.
             Was an Elder of Trog.
             Mangled by a wolf (9 damage)
             ... led by Grum
             ... on level 8 of the Dungeon.
             The game lasted 00:21:26 (8793 turns).

septik the Severer (Minotaur Berserker)             Turns: 8793, Time: 00:21:26

Health: -6/115     AC:  8    Str: 31    XL:     10   Next: 31%
Magic:  9/9        EV:  9    Int:  4    God:    Trog [****..]
Gold:   343        SH:  5    Dex: 11    Spells: 9/9 levels left

rFire   . . .      SeeInvis .   a - +0 hand axe
rCold   . . .      Faith    .   (no shield)
rNeg    . . .      Spirit   .   z - +0 chain mail
rPois   .          Reflect  +   (helmet restricted)
rElec   .          Harm     .   (no cloak)
rCorr   .          Rampage  .   (no gloves)
Will    .....                   (no boots)
Stlth   ..........              x - amulet of reflection
HPRegen 0.29/turn               m - +6 ring of strength
MPRegen 0.11/turn               (no ring)

@: berserking, very quick
A: horns 2, retaliatory headbutt
a: Renounce Religion, Berserk, Trog's Hand, Brothers in Arms


You were on level 8 of the Dungeon.
You worshipped Trog.
Trog was greatly pleased with you.
You visited 1 branch of the dungeon, and saw 8 of its levels.
You also visited: Ossuary.

You collected 413 gold pieces.
You spent 70 gold pieces at shops.

Inventory:

Hand Weapons
 a - a +0 hand axe (weapon)
 c - a +0 war axe
 f - a +0 hunting sling
Missiles
 i - 294 stones (quivered)
 l - 21 sling bullets
 o - 3 boomerangs
Armour
 b - a +0 animal skin
 p - a +0 ring mail
 z - a +0 chain mail (worn)
 A - a +1 pair of boots
Jewellery
 k - a +6 ring of dexterity
 m - a +6 ring of strength (left hand)
 x - an amulet of reflection (around neck)
 C - an amulet of magic regeneration
Scrolls
 g - 2 scrolls of fear
 n - 5 scrolls of teleportation
 q - 2 scrolls of amnesia
 t - 2 scrolls of magic mapping
 u - 5 scrolls of identify
 w - a scroll of acquirement {unknown}
 y - a scroll of fog
 D - a scroll of torment {unknown}
Potions
 d - 2 potions of mutation
 e - 8 potions of curing {unknown}
 h - 2 potions of haste {unknown}
 j - 2 potions of attraction {unknown}
 r - a potion of cancellation {unknown}
 s - a potion of flight {unknown}
 v - a potion of heal wounds {unknown}
 B - 3 potions of lignification {unknown}
 E - a potion of brilliance {unknown}


   Skills:
 - Level 3.6 Fighting
 + Level 18.0 Axes
 - Level 2.4 Armour
 - Level 2.1 Dodging


You had 9 spell levels left.
You didn't know any spells.
Your spell library was empty.

Dungeon Overview and Level Annotations

Branches:
Dungeon (8/15)             Temple (0/1) D:5         Ossuary (visited)
   Lair: D:8-11

Altars:
Gozag
Ru
Uskayaw
Yredelemnul

Shops:
D:5 :!*[   D:6 *


Innate Abilities, Weirdness & Mutations

You have a pair of horns on your head.
You reflexively headbutt those who attack you in melee.


Message History

You kill the wolf!
Trog accepts your kill. Grum hits you with a +0 glaive!
* * * LOW HITPOINT WARNING * * *
You slash Grum!
You kill Grum!
Trog accepts your kill.
You barely miss the wolf. You miss the wolf.
The wolf bites you but does no damage. You block the wolf's attack.
Your Axes skill increases to level 18!
Unknown command.
You closely miss the wolf. Your headbutt misses the wolf.
The wolf is lightly wounded.
You closely miss the wolf. The wolf closely misses you.
Unknown command.
You closely miss the wolf. Your headbutt misses the wolf.
The wolf is lightly wounded.
You miss the wolf. You block the wolf's attack.
Unknown command.
You slash the wolf! You headbutt the wolf.
The wolf is almost dead.
You closely miss the wolf. The wolf bites you.
* * * LOW HITPOINT WARNING * * *
You block the wolf's attack.
Unknown command.
You barely miss the wolf. Your headbutt misses the wolf.
The wolf is almost dead.
You slash the wolf! You block the wolf's attack.
Unknown command.
You hit the wolf. Your headbutt misses the wolf.
The wolf is almost dead.
You closely miss the wolf. The wolf bites you.
* * * LOW HITPOINT WARNING * * *
Unknown command.
You closely miss the wolf.
The wolf is almost dead.
You closely miss the wolf. The wolf bites you.
* * * LOW HITPOINT WARNING * * *
The wolf bites you!
You die...

#.......#.###.###
....+.......+........
..#$#.......#.###..#.
................##.#
....##.#.#.#.#.#
##.....#.#.#.#.#
........#.#.#.#
...####...[....#+#+#
......h@†.............
......)†h.............
......................
######.#####.##.......
... #.# ....... ###.
#.# ###+##. #. #.# #.
#.# #.#


You could see 2 wolves.

Vanquished Creatures
  A two-headed ogre (D:5)
  Pikel (D:7)
  A troll (D:5)
  The ghost of Athor the Sneak, an amateur VSBr (D:5)
  Grum (D:8)
  2 ice beasts
  3 hornet zombies
  2 necrophages
  2 wolves (D:8)
  2 ogres
  4 lemures (D:7)
  A kobold brigand (D:7)
  Blork the orc (D:4)
  3 bullfrogs (D:7)
  A wyvern zombie (Ossuary)
  2 scorpions (D:5)
  3 water moccasin zombies
  8 wights
  3 howler monkeys (D:7)
  4 bullfrog zombies
  8 centaur zombies (Ossuary)
  2 orc priests
  3 centaur skeletons
  2 jellies
  4 hounds
  11 mummies (Ossuary)
  6 iguanas
  A scorpion zombie (D:5)
  A bullfrog skeleton (D:7)
  3 killer bee zombies (Ossuary)
  A hound zombie (D:5)
  2 hound skeletons
  A howler monkey zombie (Ossuary)
  7 adders
  A shadow imp (D:7)
  2 white imps
  2 ufetubi (D:5)
  An adder skeleton (D:5)
  2 worms
  3 dart slugs
  14 orcs
  9 bats
  3 endoplasms
  4 giant cockroaches
  8 hobgoblins
  11 kobolds
  A quokka (D:3)
  9 ball pythons
  8 frilled lizards
  8 goblins
  5 rats
189 creatures vanquished.

Vanquished Creatures (others)
  6 withered plants (Ossuary)
6 creatures vanquished.

Grand Total: 195 creatures vanquished

Notes
Turn   | Place    | Note
-------+----------+-------------------------------------------
     0 | D:1      | septik the Minotaur Berserker began the quest for the Orb.
     0 | D:1      | Reached XP level 1. HP: 19/19 MP: 0/0
    98 | D:1      | Reached skill level 4 in Axes
   310 | D:1      | Reached XP level 2. HP: 16/26 MP: 1/1
  1177 | D:2      | Found a faded altar of an unknown god.
  1299 | D:2      | Reached skill level 5 in Axes
  1336 | D:2      | Reached XP level 3. HP: 31/31 MP: 2/2
  1379 | D:2      | Reached ** piety under Trog
  2162 | D:2      | Reached skill level 6 in Axes
  2162 | D:2      | Reached XP level 4. HP: 24/39 MP: 3/3
  3174 | D:3      | Found an opulent altar of Gozag.
  3387 | D:4      | Reached skill level 7 in Axes
  3387 | D:4      | Reached XP level 5. HP: 42/45 MP: 4/4
  3538 | D:4      | Noticed a necrophage
  3547 | D:4      | Killed a necrophage
  3548 | D:4      | Reached skill level 8 in Axes
  3548 | D:4      | Reached XP level 6. HP: 51/51 MP: 5/5
  3617 | D:4      | Identified the +2 robe "Ynkol" {rN+ Int+5}
  3622 | D:4      | Noticed Blork the orc
  3628 | D:4      | Killed Blork the orc
  3703 | D:4      | Reached *** piety under Trog
  3729 | D:4      | Reached skill level 9 in Axes
  3955 | D:5      | Entered Level 5 of the Dungeon
  3958 | D:5      | Found a staircase to the Ecumenical Temple.
  3975 | D:5      | Reached skill level 10 in Axes
  3975 | D:5      | Reached XP level 7. HP: 57/57 MP: 6/6
  4082 | D:5      | Noticed a two-headed ogre
  4082 | D:5      | Noticed a troll
  4092 | D:5      | Killed a two-headed ogre
  4093 | D:5      | Reached skill level 12 in Axes
  4093 | D:5      | Reached XP level 8. HP: 52/64 MP: 7/7
  4098 | D:5      | Killed a troll
  4099 | D:5      | Reached skill level 13 in Axes
  4342 | D:5      | Found Vimov's Book Shop.
  4723 | D:5      | Found Ujeucaol's Distillery.
  4738 | D:5      | Reached skill level 14 in Axes
  4936 | D:5      | Found Pitapog's Armour Boutique.
  5002 | D:5      | Found Suefeach's Assorted Antiques.
  5005 | D:5      | Bought a fuming black potion for 24 gold pieces
  5005 | D:5      | Bought a scroll labelled ITAWYPPONK for 27 gold pieces
  5047 | D:5      | Noticed Athor's ghost (amateur VSBr)
  5053 | D:5      | Found a runed translucent gate.
  5053 | D:5      | Found a runed translucent gate.
  5053 | D:5      | Found a runed translucent gate.
  5062 | D:5      | Killed Athor's ghost
  5063 | D:5      | Reached XP level 9. HP: 70/70 MP: 8/8
  5662 | D:6      | Reached skill level 15 in Axes
  5996 | D:6      | Found Esynena's Assorted Antiques.
  6104 | D:6      | Found a sand-covered staircase.
  6113 | Ossuary  | Entered an ossuary
  6151 | Ossuary  | Reached **** piety under Trog
  6631 | Ossuary  | Reached skill level 16 in Axes
  7372 | D:6      | Bought a sedimented grey potion for 19 gold pieces
  7544 | D:7      | Noticed Pikel
  7556 | D:7      | Killed Pikel
  7557 | D:7      | Reached skill level 17 in Axes
  7557 | D:7      | Reached XP level 10. HP: 68/77 MP: 9/9
  8252 | D:7      | Found a sacrificial altar of Ru.
  8252 | D:7      | Found a basalt altar of Yredelemnul.
  8254 | D:7      | Found a hide-covered altar of Uskayaw.
  8777 | D:8      | Noticed Grum
  8787 | D:8      | Killed Grum
  8788 | D:8      | Reached skill level 18 in Axes
  8792 | D:8      | HP: 4/115 [wolf[Grum] (2)]
  8793 | D:8      | Mangled by a wolf

Illustrated notes

Levels and vault maps discovered:
D:1:      lightli_arrival_windingriver, layout_basic
D:2:      layout_loops_ring, nicolae_ecumenical_snake_handling,
          hangedman_decor_riveting, chequers_serial_rivers_large_a,
          minmay_misc_feat_diagonals
D:3:      layout_loops_ring, grunt_gozag_breadcrumbs, serial_bayou_pond_b
D:4:      layout_rooms, uniq_blork_the_orc
D:5:      layout_basic, minmay_temple_entry_large_hall, serial_shops,
          nicolae_take_the_stairs, nicolae_shop_trees, shop,
          nicolae_shop_hallway_stairs, gammafunk_ghost_split,
          minmay_starry_boxes
D:6:      layout_basic, serial_shops, shop, nicolae_ossuary_entry_monument,
          hangedman_decor_growths
D:7:      layout_loops_ring, gammafunk_temple_overflow_forgotten,
          hangedman_decor_opposing, uniq_pikel
D:8:      layout_basic, lemuel_crystal_altar, serial_shops, nicolae_square_shop,
          uniq_grum

Skill      XL: |  1  2  3  4  5  6  7  8  9 10 |
---------------+-------------------------------+-----
Axes           | 4 5 6 7 8 10 12 14 17 18 | 18.0
Fighting       | |  3.6
Armour         | |  2.4
Dodging        | |  2.1

Action                   |  1- 3 |  4- 6 |  7- 9 | 10-12 || total
-------------------------+-------+-------+-------+-------++-------
Melee: Hand axe          |    79 |    92 |   272 |    95 ||   538
       Headbutt          |    12 |    15 |    83 |    16 ||   126
Invok: Berserk           |     1 |     3 |     8 |     2 ||    14
       Trog's Hand       |       |       |     1 |       ||     1
  Use: Scroll            |       |       |    10 |     1 ||    11
 Stab: Sleeping          |     2 |     1 |       |       ||     3
Armor: Animal skin       |    21 |     2 |       |       ||    23
       Ring mail         |       |    21 |    19 |       ||    40
       Chain mail        |       |       |    44 |    25 ||    69
Dodge: Dodged            |    60 |    44 |    90 |    21 ||   215
Block: Other             |       |       |    29 |    15 ||    44

Table legend: (Time is in decaauts)
 A = Elapsed time spent in this place.
 B = Non-inter-level travel time spent in this place.
 C = Inter-level travel time spent in this place.
 D = Time resting spent in this place.
 E = Time spent auto-exploring this place.
 F = Levels seen in this place.
 G = Mean time per level.
                   A        B        C        D        E       F      G
               +--------+--------+--------+--------+--------+-----+--------+
         Total |   8812 |   8599 |    213 |   1600 |   5620 |   9 |  979.1 |
       Dungeon |   7794 |   7581 |    213 |   1006 |   5411 |   8 |  974.2 |
       Ossuary |   1017 |   1017 |      0 |    594 |    209 |   1 | 1017.0 |
               +--------+--------+--------+--------+--------+-----+--------+

Top non-repeatable levels by time:
     D:5: 1521 daAuts
     D:2: 1311 daAuts
     D:6: 1184 daAuts
     D:1: 1113 daAuts
 Ossuary: 1017 daAuts
     D:7: 999 daAuts
     D:3: 972 daAuts
     D:4: 599 daAuts
     D:8: 93 daAuts
